 Dungeon Crawl Stone Soup version 0.32-a0-900-g30fb1b0 (webtiles) character file.

Game seed: 6019239411370800980

3262 Dorkslayer the Cleaver (level 10, -1/104 HPs)
             Began as an Oni Fighter on Apr 5, 2024.
             Was an Initiate of Gozag.
             Slain by a warg (19 damage)
             ... on level 8 of the Dungeon.
             The game lasted 00:13:51 (6415 turns).

Dorkslayer the Cleaver (Oni Fighter)                Turns: 6415, Time: 00:13:52

Health: -1/104     AC: -1    Str: 31    XL:     10   Next: 0%
Magic:  10/10      EV:  8    Int:  9    God:    Gozag
Gold:   795        SH: 10    Dex:  7    Spells: 9/9 levels left

rFire   . . .        a - +3 war axe (protect)
rCold   x . .        h - +2 kite shield
rNeg    . . .        b - +0 robe
rPois   .            (helmet restricted)
rElec   +            k - +0 cloak
rCorr   .            (gloves unavailable)
SInv    .            (boots unavailable)
Will    +....        o - amulet "Roq Lite" {Acrobat rElec rC- Str+7 Dex-3}
Stlth   +            (no ring)
HPRegen 0.37/turn    (no ring)
MPRegen 0.12/turn

%: acrobat
@: corroded, gold aura, under a protective aura
A: large, unfitting armour, horns 1, tough skin 1, double potion healing,
drunken brawling
a: Renounce Religion, Potion Petition, Call Merchant, Bribe Branch


You were on level 8 of the Dungeon.
You worshipped Gozag.
Gozag was pleased with you.
You visited 2 branches of the dungeon, and saw 9 of its levels.

You collected 876 gold pieces.
You paid 81 gold pieces to Gozag.

Inventory:

Hand Weapons
 a - a +3 war axe of protection (weapon)
Missiles
 i - a throwing net (quivered)
 l - 6 boomerangs
Armour
 b - a +0 robe (worn)
 h - a +2 kite shield (worn)
 k - a +0 cloak (worn)
Jewellery
 o - the amulet "Roq Lite" (around neck) {Acrobat rElec rC- Str+7 Dex-3}
   (You found it on level 6 of the Dungeon)

   [amulet of the acrobat]

   Acrobat:   It increases your evasion while moving and waiting.
   Str+7:     It affects your strength (+7).
   Dex-3:     It affects your dexterity (-3).
   rC-:       It makes you vulnerable to cold.
   rElec:     It insulates you from electricity.
Talismans
 p - a blade talisman
Wands
 j - a wand of polymorph (2)
 y - a wand of warping (6)
Scrolls
 f - 10 scrolls of teleportation
 m - 4 scrolls of vulnerability
 q - a scroll of enchant armour
 t - a scroll of revelation {unknown}
 u - a scroll of amnesia
 v - a scroll of enchant weapon
 w - a scroll of blinking
 x - a scroll of fog
Potions
 c - a potion of heal wounds {unknown}
 d - 5 potions of brilliance
 e - 5 potions of curing
 g - a potion of mutation {unknown}
 n - a potion of attraction
 r - a potion of haste {unknown}
 s - a potion of lignification


   Skills:
 + Level 7.9 Fighting
 + Level 8.9 Axes
 + Level 5.8 Dodging
 + Level 1.5 Stealth
 + Level 5.6 Shields
 * Level 2.1 Evocations
 * Level 2.9 Shapeshifting


You had 9 spell levels left.
You didn't know any spells.
Your spell library contained the following spells:

 Spells                   Type           Power      Damage    Failure   Level
 Magic Dart               Conj           0%         1d3       56%         1
 Blink                    Tloc           0%         N/A       71%         2
 Call Imp                 Summ           0%         N/A       71%         2
 Passwall                 Erth           0%         N/A       91%         3
 Volatile Blastmotes      Fire/Tloc      0%         2d10      91%         3
 Fulminant Prism          Conj/Alch      0%         3d5       100%        4
 Iskenderun's Mystic Bla Conj/Tloc 0%             2d3        (+2d1     100%        4
 Vhi's Electric Charge    Tloc/Air       0%         N/A       100%        4
 Bombard                  Conj/Erth      0%         9d1       100%        6


Dungeon Overview and Level Annotations

Branches:
Dungeon (8/15)             Temple (1/1) D:4            Lair (0/5) D:8

Altars:
Ashenzari
Cheibriados
Dithmenos
Elyvilon
Fedhas
Gozag
Hepliaklqana
Kikubaaqudgha
Makhleb
Nemelex Xobeh
Okawaru
Ru
Sif Muna
Trog
Vehumet
Wu Jian
Xom
Zin
The Shining One

Shops:
D:1 [   D:5 :   D:7 *


Innate Abilities, Weirdness & Mutations

You are too large for most types of armour.
You have a pair of small horns on your head.
You have tough skin. (AC +1)
You gain doubled healing and magic from potions.
Whenever you drink a healing potion, you attack all around you.


Message History

You hit something but do no damage. The jelly closely misses you.
Something hits you.
You hit the jelly but do no damage. The acid corrodes you!
Your hands burn!
The jelly is severely wounded.
You hit something. The jelly barely misses you.
Something hits you but does no damage.
You hit the jelly but do no damage.
Your hands burn!
The jelly is severely wounded.
You miss something. You block the jelly's attack. You block something's attack.
Something hits you but does no damage. The jelly hits you.
* * * LOW HITPOINT WARNING * * *
The acid corrodes you!
You are splashed with acid!
* * * LOW HITPOINT WARNING * * *
You hit the jelly but do no damage.
Your hands burn!
* * * LOW HITPOINT WARNING * * *
You headbutt the jelly.
The jelly is almost dead.
You hit something but do no damage.
An orc priest comes into view. It is wielding a +0 falchion.
The jelly hits you.
* * * LOW HITPOINT WARNING * * *
You are splashed with acid!
* * * LOW HITPOINT WARNING * * *
Something hits you.
* * * LOW HITPOINT WARNING * * *
Found a staircase to the Lair.
The warg completely misses you. The jelly attacks as it pursues you!
The jelly misses you. You block the warg's attack.
You take a swig of the potion and twirl your +3 war axe of protection.
The orc priest shouts!
You hit the jelly but do no damage.
Your hands burn!
* * * LOW HITPOINT WARNING * * *
You headbutt the jelly, but do no damage.
The jelly is almost dead.
You hit the warg.
You headbutt the warg, but do no damage.
The warg is lightly wounded.
You savour every drop.
You feel better. The warg bites you!!
You die...
Your body crumbles into a pile of gold.

..............
......>......
............
........o.# ........
.....# #.h#.## #
#.##@#...##>#
#.##.J$#....#
#.####...# #.# ##$##
#.# #$########## #.#
#.$........#
###.#####.##.#####.#
#..).........####
#)#########.....#


You could see a warg, a jelly and an orc priest.

Vanquished Creatures
  Sigmund (D:5)
  A steam dragon (D:5)
  3 water moccasins
  2 sky beasts
  An orc warrior (D:7)
  3 black bears
  An ice beast (D:5)
  A wolf (D:8)
  2 centaurs
  2 phantoms
  A kobold brigand (D:8)
  A bullfrog (D:7)
  3 scorpions
  4 wights (D:6)
  5 killer bees (D:7)
  3 hounds
  A bombardier beetle (D:5)
  4 orc priests
  2 gnoll boudas
  7 orc wizards
  2 sleepcaps
  4 iguanas
  12 gnolls
  An adder (D:4)
  2 shadow imps
  A white imp (D:6)
  2 ufetubi (D:5)
  2 ribbon worms
  2 dart slugs
  17 orcs
  6 bats
  9 endoplasms
  2 giant cockroaches
  15 goblins
  7 hobgoblins
  4 jackals
  7 quokkas
  12 ball pythons
  3 frilled lizards
  16 kobolds
  8 rats
  A butterfly (D:5)
183 creatures vanquished.

Notes
Turn   | Place    | Note
-------+----------+-------------------------------------------
     0 | D:1      | Dorkslayer the Oni Fighter began the quest for the Orb.
     0 | D:1      | Reached XP level 1. HP: 24/24 MP: 1/1
    81 | D:1      | Reached XP level 2. HP: 27/32 MP: 2/2
   193 | D:1      | Found Coplexkaso's Antique Armour Shoppe.
   278 | D:1      | Reached XP level 3. HP: 34/40 MP: 3/3
  1154 | D:2      | Found a burning altar of Makhleb.
  1279 | D:2      | Reached XP level 4. HP: 49/49 MP: 4/4
  1455 | D:2      | Found the +0 toga "Victory" {*Victory Clar}
  1554 | D:3      | Reached skill level 3 in Axes
  1979 | D:3      | Found a glowing silver altar of Zin.
  2133 | D:4      | Reached XP level 5. HP: 38/55 MP: 5/5
  2213 | D:4      | Found a blossoming altar of Fedhas.
  2222 | D:4      | Reached skill level 5 in Fighting
  2224 | D:4      | Found an ornate altar of the Wu Jian Council.
  2237 | D:4      | Found a hazy altar of Hepliaklqana.
  2273 | D:4      | Found a bloodstained altar of Trog.
  2396 | D:4      | Reached skill level 4 in Axes
  2476 | D:4      | Noticed a black bear
  2490 | D:4      | Reached XP level 6. HP: 66/66 MP: 6/6
  2490 | D:4      | Killed a black bear
  2586 | D:4      | Noticed a black bear
  2590 | D:4      | Killed a black bear
  2597 | D:4      | Found a staircase to the Ecumenical Temple.
  2607 | Temple   | Entered the Ecumenical Temple
  2626 | Temple   | Became a worshipper of Gozag Ym Sagoz the Greedy
  2696 | D:4      | Reached skill level 5 in Axes
  2746 | D:4      | Reached XP level 7. HP: 66/72 MP: 7/7
  3150 | D:5      | Entered Level 5 of the Dungeon
  3212 | D:5      | Found a shimmering altar of Xom.
  3342 | D:5      | Found Tuetsov's Book Shop.
  3645 | D:5      | Reached skill level 6 in Axes
  3767 | D:5      | Reached XP level 8. HP: 74/83 MP: 8/8
  3853 | D:5      | Found a shimmering blue altar of Sif Muna.
  3872 | D:5      | Noticed Sigmund
  3884 | D:5      | Killed Sigmund
  4296 | D:6      | HP: 3/84 [something (6)]
  4306 | D:5      | Reached skill level 7 in Axes
  4516 | D:5      | Reached skill level 1 in Stealth
  4530 | D:5      | Reached skill level 5 in Dodging
  4816 | D:6      | Identified the amulet "Roq Lite" {Acrobat rElec rC- Str+7
                  | Dex-3}
  4922 | D:6      | Reached XP level 9. HP: 74/93 MP: 9/9
  4923 | D:6      | Reached skill level 5 in Shields
  4931 | D:6      | Reached skill level 1 in Shapeshifting
  5122 | D:6      | Reached skill level 1 in Evocations
  5123 | D:6      | Reached skill level 8 in Axes
  5684 | D:7      | Found an iron altar of Okawaru.
  5832 | D:7      | Found Cyqapug's Assorted Antiques.
  6316 | D:8      | Noticed a boulder beetle
  6365 | D:8      | Noticed a troll
  6394 | D:8      | Reached XP level 10. HP: 58/104 MP: 10/10
  6414 | D:8      | Found a staircase to the Lair.
  6415 | D:8      | HP: 5/104 [acid (5)]
  6415 | D:8      | Slain by a warg

Illustrated notes

Levels and vault maps discovered:
D:1:      dpeg_arrival_three_bigger_balls, layout_loops_ring, serial_shops, shop
D:2:      cheibrodos_helix_gallery, layout_loops_ring, basic_altar
D:3:      layout_rooms, zin_treasury
D:4:      layout_basic, trog_three_pillars_becter,
          gammafunk_temple_overflow_forgotten, minmay_temple_entry_antechambers,
          minmay_goblin_outpost
D:5:      layout_gridville, lemuel_round_altar, xom_butterflies, serial_shops,
          shop, amcnicky_mini_pool_medium, uniq_sigmund
D:6:      layout_rooms
D:7:      layout_cave_pools, overflow_temple_1_default, serial_shops,
          nicolae_shop_trees
D:8:      layout_loops_ring, nicolae_yredelemnul_corpse_copse,
          erik_lair_orcish_takeover, gammafunk_ghost_smash,
          onia_ninara_dug_in_and_dangerous
Temple:   bh_familiar_temple

Skill      XL: |  1  2  3  4  5  6  7  8  9 |
---------------+----------------------------+-----
Shields        | 3 4 5 |  5.6
Dodging        | 3 4 5 |  5.8
Axes           | 3 4 5 6 7 8 |  8.9
Fighting       | 5 7 |  7.9
Stealth        | 1 |  1.5
Shapeshifting  | 2 |  2.9
Evocations     | 2 |  2.1

Action                     |  1- 3 |  4- 6 |  7- 9 | 10-12 || total
---------------------------+-------+-------+-------+-------++-------
  Melee: War axe           |   115 |   113 |   272 |    14 ||   514
         Headbutt          |    14 |    14 |    35 |     3 ||    66
    Use: Scroll            |       |     7 |    12 |       ||    19
         Potion            |       |     1 |     3 |     1 ||     5
   Stab: Sleeping          |       |       |     1 |       ||     1
 Armour: Robe              |    67 |    84 |   264 |    21 ||   436
  Dodge: Dodged            |    58 |    54 |   107 |     6 ||   225
  Block: Kite shield       |    49 |    65 |   180 |     3 ||   297

Table legend: (Time is in decaauts)
 A = Elapsed time spent in this place.
 B = Non-inter-level travel time spent in this place.
 C = Inter-level travel time spent in this place.
 D = Time resting spent in this place.
 E = Time spent auto-exploring this place.
 F = Levels seen in this place.
 G = Mean time per level.
                   A        B        C        D        E       F      G
               +--------+--------+--------+--------+--------+-----+--------+
         Total |   6590 |   6590 |      0 |      0 |   3502 |   9 |  732.2 |
       Dungeon |   6553 |   6553 |      0 |      0 |   3502 |   8 |  819.1 |
        Temple |     36 |     36 |      0 |      0 |      0 |   1 |   36.0 |
               +--------+--------+--------+--------+--------+-----+--------+

Top non-repeatable levels by time:
     D:5: 1536 daAuts
     D:4: 1043 daAuts
     D:1: 878 daAuts
     D:7: 726 daAuts
     D:2: 708 daAuts
     D:6: 670 daAuts
     D:3: 595 daAuts
     D:8: 395 daAuts
  Temple: 36 daAuts
